 Dungeon Crawl Stone Soup version 0.32-a0-685-g93135e86f0 (webtiles) character file.

Game seed: 8669482043233746492

103 seren the Ruffian (level 4, -3/29 HPs)
             Began as an Octopode Shapeshifter on Mar 12, 2024.
             Slain by a gnoll
             ... wielding a +0 flail
              (5 damage)
             ... on level 3 of the Dungeon.
             The game lasted 00:03:42 (1755 turns).

seren the Ruffian (Octopode Shapeshifter)           Turns: 1755, Time: 00:03:43

Health: -3/29      AC:  1    Str: 15    XL:     4   Next: 79%
Magic:  4/4        EV: 13    Int: 12    God:
Gold:   106        SH:  0    Dex: 11    Spells: 3/3 levels left

rFire   . .          .
                       - Unarmed
rCold   . . .        (no shield)
rNeg    . . .        (helmet currently unavailable)
rPois   .            (no amulet)
rElec   .            (no ring)
rCorr   .            (no ring)
SInv    .            (no ring)
Will    .....        (no ring)
Stlth   +++          (no ring)
HPRegen 0.24/turn    (no ring)
MPRegen 0.09/turn    (no ring)
                     (no ring)

%: no passive effects
@: beast-form
A: beast (slay +1), almost no armour, amphibious, 8 rings, camouflage 1,
gelatinous body 1, (nimble swimmer 1), tentacles
a: Begin Untransformation


You were on level 3 of the Dungeon.
You were a hulking beast.
You visited 1 branch of the dungeon, and saw 3 of its levels.

You collected 106 gold pieces.

Inventory:

Missiles
 k - 5 poisoned darts (quivered)
Talismans
 b - a beast talisman (active)
 c - a flux talisman
 l - a serpent talisman
Scrolls
 e - 3 scrolls of teleportation {unknown}
 f - a scroll of fog {unknown}
 j - a scroll of acquirement {unknown}
Potions
 a - a potion of lignification
 d - a potion of attraction {unknown}
 g - a potion of berserk rage {unknown}
 h - a potion of might {unknown}
 i - a potion of curing {unknown}
 m - a potion of heal wounds {unknown}


   Skills:
 + Level 2.0 Fighting
 + Level 2.6 Dodging
 + Level 2.1 Stealth
 * Level 3.9 Unarmed Combat
 + Level 3.3 Shapeshifting


You had 3 spell levels left.
You didn't know any spells.
Your spell library contained the following spells:

 Spells                   Type           Power      Damage    Failure   Level
 Apportation              Tloc           0%         N/A       32%         1
 Jinxbite                 Hex            0%         N/A       45%         2
 Fugue of the Fallen      Necr           0%         N/A       69%         3
 Ozocubu's Armour         Ice            0%         N/A       69%         3
 Passwall                 Erth           0%         N/A       69%         3
 Volatile Blastmotes      Fire/Tloc      0%         2d10      69%         3
 Manifold Assault         Tloc           0%         N/A       97%         4
 Alistair's Intoxication  Alch           0%         N/A       100%        5
 Bombard                  Conj/Erth      0%         9d1       100%        6


Dungeon Overview and Level Annotations

Branches:
Dungeon (3/15)

Altars:
The Shining One

Shops:
D:1 =   D:3 [


Innate Abilities, Weirdness & Mutations

You are a hulking beast.
Your limbs bulge with bestial killing power. (Slay +1)
You cannot wear most types of armour.
You are amphibious.
You can wear up to eight rings at the same time.
Your skin changes colour to match your surroundings (Stealth+).
Your rubbery body absorbs attacks. (AC +1, EV +1)
((You are camouflaged when in or above water. (Stealth+)))
You have tentacles for arms and can constrict up to eight enemies at once.


Message History

The adder poisons you! The adder bites you.
You are more poisoned.
The adder poisons you!
You tentacle-slap the adder. You grab the adder. Your squeeze misses the adder.
The adder is moderately wounded.
You constrict the adder.
You feel sick. The adder closely misses you.
You completely miss the adder. You tentacle-slap the adder.
The adder is almost dead.
You constrict the adder.
You kill the adder!
You feel sick.
Your Fighting skill increases to level 2!
You feel sick.
You feel sick.
You feel sick.
You feel sick.
You feel sick.
Found a scroll labelled UHUUFF RATOO.
You feel sick.
You are no longer poisoned.
You start resting.
A ball python comes into view.
There is an entrance to Kogattuc's Antique Armour Boutique here.
You start resting.
A gnoll is nearby!
You tentacle-slap the gnoll. Your grab misses the gnoll.
The gnoll is lightly wounded.
The gnoll hits you with a +0 flail!
* * * LOW HITPOINT WARNING * * *
You barely miss the gnoll. Your grab misses the gnoll.
The gnoll is lightly wounded.
The gnoll hits you with a +0 flail.
* * * LOW HITPOINT WARNING * * *
You barely miss the gnoll. You grab the gnoll.
The gnoll is lightly wounded.
You constrict the gnoll. The gnoll hits you with a +0 flail!
* * * LOW HITPOINT WARNING * * *
You tentacle-slap the gnoll.
The gnoll is heavily wounded.
You constrict the gnoll. The gnoll hits you with a +0 flail.
You die...

#.# #.........>.# #
##...........#
####.....#.###### .
#........#.# ... ...###....#.#
..#. .# #......# ...#
####....## #..####....##.# #.
#....ß.h.<.ß.# #######
.###.###....g####..# ##.....#
..........<..<###.#####.......
...........##...÷.............
............#####.####........
............# ###.## #........
......÷...).# #....# #........
......÷.....###....###........
..............................


You could see a gnoll.

Vanquished Creatures
  4 adders
  3 gnolls
  5 ball pythons
  5 endoplasms
  A giant cockroach (D:1)
  3 goblins
  6 hobgoblins
  2 quokkas
  A bat (D:2)
  A frilled lizard (D:3)
  4 kobolds
  3 rats
38 creatures vanquished.

Notes
Turn   | Place    | Note
-------+----------+-------------------------------------------
     0 | D:1      | seren the Octopode Shapeshifter began the quest for the
                  | Orb.
     0 | D:1      | Reached XP level 1. HP: 13/13 MP: 1/1
    18 | D:1      | Found Getabyogyu's Jewellery Emporium.
   116 | D:1      | Reached XP level 2. HP: 18/18 MP: 2/2
   582 | D:2      | Reached skill level 1 in Stealth
   614 | D:2      | Identified the +3 ring mail "Wuxuob" {Str+5}
   664 | D:2      | Reached XP level 3. HP: 14/23 MP: 3/3
  1170 | D:2      | Found a faded altar of an unknown god.
  1413 | D:3      | Found a glowing golden altar of the Shining One.
  1448 | D:3      | Found Kogattuc's Antique Armour Boutique.
  1468 | D:2      | Reached XP level 4. HP: 22/29 MP: 4/4
  1755 | D:3      | Slain by a gnoll

Illustrated notes

Levels and vault maps discovered:
D:1:      wander_arrival_desolate, layout_basic, serial_shops, shop
D:2:      layout_basic, dilly_ecumenical_altar_fadedgnrine
D:3:      layout_rooms, overflow_temple_1_default, serial_shops, shop_statue,
          nicolae_half_adder

Skill      XL: |  1  2  3  4 |
---------------+-------------+-----
Stealth        | 1 2 |  2.1
Fighting       | 2 |  2.0
Dodging        | |  2.6
Unarmed Combat | |  3.9
Shapeshifting  | |  3.3

Action                     |  1- 3 |  4- 6 || total
---------------------------+-------+-------++-------
  Melee: Unarmed           |    46 |    22 ||    68
         Constrict         |    13 |     6 ||    19
         Tentacles         |     8 |     3 ||    11
         Punch             |     1 |     1 ||     2
   Stab: Sleeping          |     3 |       ||     3
 Armour: Skin              |    14 |    12 ||    26
  Dodge: Dodged            |    18 |    12 ||    30

Table legend: (Time is in decaauts)
 A = Elapsed time spent in this place.
 B = Non-inter-level travel time spent in this place.
 C = Inter-level travel time spent in this place.
 D = Time resting spent in this place.
 E = Time spent auto-exploring this place.
 F = Levels seen in this place.
 G = Mean time per level.
                   A        B        C        D        E       F      G
               +--------+--------+--------+--------+--------+-----+--------+
         Total |   1750 |   1647 |    103 |    117 |   1110 |   3 |  583.3 |
       Dungeon |   1750 |   1647 |    103 |    117 |   1110 |   3 |  583.3 |
               +--------+--------+--------+--------+--------+-----+--------+

Top non-repeatable levels by time:
     D:2: 883 daAuts
     D:1: 563 daAuts
     D:3: 303 daAuts
